MLB
SEATTLE MARINERS @ DETROIT TIGERS
07/14/2098
 
TOP OF THE 1ST
Seattle Mariners batting - Pitching for Detroit Tigers : LHP Mark Fleming
Pitching: LHP Mark Fleming
Batting: RHB Jonathan Becktell 0-0: Called Strike
0-1: Hit by Pitch
Batting: SHB John Brownfield 0-0: Called Strike
0-1: Ball
1-1: Foul Ball, location: 9LMF
1-2: Strikes out swinging
Batting: RHB Jaime Callahan 0-0: Ball
1-0: Foul Ball, location: 25FF
1-1: Ball
2-1: Foul Ball, location: 2F
2-2: Ball
3-2: Strikes out swinging
Batting: LHB Keith Bundy 0-0: Called Strike
0-1: Ball
1-1: Called Strike
1-2: Ground out 4-3 (Groundball, 4, EV 76.9 MPH)
Top of the 1st over - 0 runs, 0 hits, 0 errors, 1 left on base; Seattle 0 - Detroit 0
BOTTOM OF THE 1ST
Detroit Tigers batting - Pitching for Seattle Mariners : LHP Armando Baisa
Pitching: LHP Armando Baisa
Batting: LHB Dan Barker 0-0: Called Strike
0-1: Ball
1-1: Swinging Strike
1-2: Foul Ball, location: 2F
1-2: SINGLE (Flyball, 7LS, EV 91.9 MPH)
Batting: RHB Edgar Navarrete 0-0: Ball
1-0: Foul Ball, location: 9LSF
1-1: Fielders Choice at 2nd, 6-4 (Groundball, 6, EV 83.1 MPH)
Batting: RHB David Schafer 0-0: Swinging Strike
0-1: Called Strike
0-2: Ball
1-2: Ball
2-2: Foul Ball, location: 3SF
2-2: Strikes out looking
Batting: RHB Fethi Yazîcîzâde 0-0: Called Strike
0-1: Ball
1-1: Ball
2-1: Swinging Strike
2-2: Ball
3-2: Fly out, F8 (Line Drive, 8RM, EV 85.6 MPH)
Bottom of the 1st over - 0 runs, 1 hit, 0 errors, 1 left on base; Seattle 0 - Detroit 0
TOP OF THE 2ND
Seattle Mariners batting - Pitching for Detroit Tigers : LHP Mark Fleming
Batting: RHB Kenny Dahl 0-0: Ball
1-0: Ground out 5-3 (Groundball, 56, EV 94.4 MPH)
Batting: SHB Rob Brady 0-0: Fly out, F2 (Popup, 2RF, EV 90.0 MPH)
Batting: RHB Jose Ruiz 0-0: Ball
1-0: Called Strike
1-1: Fly out, F7 (Flyball, 7S, EV 93.8 MPH)
Top of the 2nd over - 0 runs, 0 hits, 0 errors, 0 left on base; Seattle 0 - Detroit 0
BOTTOM OF THE 2ND
Detroit Tigers batting - Pitching for Seattle Mariners : LHP Armando Baisa
Batting: LHB Philip Clark 0-0: Called Strike
0-1: Ground out 4-3 (Groundball, 4, EV 79.4 MPH)
Batting: LHB Eric Plaunt 0-0: Called Strike
0-1: Ball
1-1: Foul Ball, location: 7LSF
1-2: Strikes out swinging
Batting: RHB Jimmy Moore 0-0: Foul Ball, location: 2F
0-1: Ball
1-1: Fly out, F8 (Flyball, 8RD, EV 85.6 MPH)
Bottom of the 2nd over - 0 runs, 0 hits, 0 errors, 0 left on base; Seattle 0 - Detroit 0
TOP OF THE 3RD
Seattle Mariners batting - Pitching for Detroit Tigers : LHP Mark Fleming
Batting: RHB John Ables 0-0: Fly out, F7 (Line Drive, 7S, EV 106.9 MPH)
Batting: LHB Jon Garza 0-0: Foul Ball, location: 9LMF
0-1: Ball
1-1: Ball
2-1: Ball
3-1: Ground out 6-3 (Groundball, 6, EV 85.0 MPH)
Batting: RHB Jonathan Becktell 0-0: Swinging Strike
0-1: Called Strike
0-2: Ball
1-2: Ball
2-2: Strikes out swinging
Top of the 3rd over - 0 runs, 0 hits, 0 errors, 0 left on base; Seattle 0 - Detroit 0
BOTTOM OF THE 3RD
Detroit Tigers batting - Pitching for Seattle Mariners : LHP Armando Baisa
Batting: SHB Mang He 0-0: Called Strike
0-1: Called Strike
0-2: Hit by Pitch
Batting: RHB Donald Nohl 0-0: Called Strike
0-1: Foul Ball, location: 2F
0-2: Ball
1-2: Ground out 5-3 (Groundball, 56S, EV 71.3 MPH)
Mang He to second
Batting: LHB Dan Barker 0-0: Fly out, F4 (Popup, 4S, EV 88.1 MPH)
Batting: RHB Edgar Navarrete 0-0: Swinging Strike
0-1: Ball
1-1: Ball
2-1: Foul Ball, location: 2F
2-2: Ball
3-2: Foul Ball, location: 2F
3-2: Base on Balls
Batting: RHB David Schafer 0-0: Called Strike
0-1: Ball
1-1: Ball
2-1: Ground out 5-3 (Groundball, 56S, EV 83.1 MPH)
Bottom of the 3rd over - 0 runs, 0 hits, 0 errors, 2 left on base; Seattle 0 - Detroit 0
TOP OF THE 4TH
Seattle Mariners batting - Pitching for Detroit Tigers : LHP Mark Fleming
Batting: SHB John Brownfield 0-0: Ball
1-0: Ball
2-0: Called Strike
2-1: Foul Ball, location: 2F
2-2: Ball
3-2: Foul Ball, location: 2F
3-2: Base on Balls
Batting: RHB Jaime Callahan 0-0: Called Strike
0-1: Ball
1-1: Foul Ball, location: 23F
1-2: Strikes out swinging
Batting: LHB Keith Bundy 0-0: Swinging Strike
0-1: Swinging Strike
0-2: Ball
1-2: Fly out, F5 (Popup, 6S, EV 68.8 MPH)
Batting: RHB Kenny Dahl 0-0: Foul Ball, location: 2F
0-1: Hit by Pitch
John Brownfield to second
Batting: SHB Rob Brady 0-0: Ball
1-0: Called Strike
1-1: Called Strike
1-2: Foul Ball, location: 5FF
1-2: Ball
2-2: Foul Ball, location: 3F
2-2: Strikes out swinging
Top of the 4th over - 0 runs, 0 hits, 0 errors, 2 left on base; Seattle 0 - Detroit 0
BOTTOM OF THE 4TH
Detroit Tigers batting - Pitching for Seattle Mariners : LHP Armando Baisa
Batting: RHB Fethi Yazîcîzâde 0-0: Ball
1-0: Called Strike
1-1: Swinging Strike
1-2: Strikes out swinging
Batting: LHB Philip Clark 0-0: Ball
1-0: Ball
2-0: Called Strike
2-1: Fly out, F9 (Flyball, 9, EV 87.5 MPH)
Batting: LHB Eric Plaunt 0-0: Ball
1-0: Foul Ball, location: 5F
1-1: SINGLE (Groundball, 4MD, EV 98.8 MPH)
Batting: RHB Jimmy Moore 0-0: Called Strike
0-1: Ball
Balk!
Eric Plaunt to second
1-1: Foul Ball, location: 2F
1-2: Ball
2-2: TRIPLE (Flyball, 9LD, EV 88.8 MPH)
Eric Plaunt scores
Batting: SHB Mang He 0-0: Foul Ball, location: 2F
0-1: Ball
1-1: Ball
2-1: Ball
3-1: Foul Ball, location: 5F
3-2: Fly out, F7 (Flyball, 78M, EV 94.4 MPH)
Bottom of the 4th over - 1 run, 2 hits, 0 errors, 1 left on base; Seattle 0 - Detroit 1
TOP OF THE 5TH
Seattle Mariners batting - Pitching for Detroit Tigers : LHP Mark Fleming
Batting: RHB Jose Ruiz 0-0: Called Strike
0-1: Ball
1-1: Called Strike
1-2: Foul Ball, location: 5FF
1-2: Strikes out swinging
Batting: RHB John Ables 0-0: Swinging Strike
0-1: Fly out, F9 (Flyball, 9D, EV 93.8 MPH)
Batting: LHB Jon Garza 0-0: Swinging Strike
0-1: Ball
1-1: Ball
2-1: Ball
3-1: Called Strike
3-2: Strikes out looking
Top of the 5th over - 0 runs, 0 hits, 0 errors, 0 left on base; Seattle 0 - Detroit 1
BOTTOM OF THE 5TH
Detroit Tigers batting - Pitching for Seattle Mariners : LHP Armando Baisa
Batting: RHB Donald Nohl 0-0: Ball
1-0: Ball
2-0: Called Strike
2-1: Foul Ball, location: 2F
2-2: SINGLE (Line Drive, 4MD, EV 95.0 MPH)
Batting: LHB Dan Barker 0-0: Ball
1-0: Ball
2-0: Fly out, F9 (Line Drive, 9, EV 90.6 MPH)
Batting: RHB Edgar Navarrete 0-0: Ball
1-0: Foul Ball, location: 5F
1-1: Ball
Donald Nohl is caught stealing 2nd base 2-4
2-1: Foul Ball, location: 9LMF
2-2: Ball
3-2: Foul Ball, location: 5FF
3-2: DOUBLE (Line Drive, 7LD, EV 105.6 MPH)
Batting: RHB David Schafer 0-0: Ball
1-0: 2-RUN HOME RUN (Line Drive, 7D, EV 105.0 MPH), Distance : 399 ft
Batting: RHB Fethi Yazîcîzâde 0-0: Foul Ball, location: 2F
0-1: Ground out 4-3 (Groundball, 4MD, EV 105.6 MPH)
Bottom of the 5th over - 2 runs, 3 hits, 0 errors, 0 left on base; Seattle 0 - Detroit 3
TOP OF THE 6TH
Seattle Mariners batting - Pitching for Detroit Tigers : LHP Mark Fleming
Batting: RHB Jonathan Becktell 0-0: DOUBLE (Groundball, 5L, EV 101.9 MPH)
Batting: SHB John Brownfield 0-0: Called Strike
0-1: Ball
1-1: Foul Ball, location: 23F
1-2: Strikes out swinging
Batting: RHB Jaime Callahan 0-0: Called Strike
0-1: Called Strike
0-2: Ball
1-2: Foul Ball, location: 5FF
1-2: Fly out, F4 (Popup, 4M, EV 73.8 MPH)
Batting: LHB Keith Bundy 0-0: Called Strike
0-1: Ball
1-1: Ball
2-1: Ball
3-1: Base on Balls
Batting: RHB Kenny Dahl 0-0: Ball
1-0: Foul Ball, location: 2LF
1-1: Swinging Strike
1-2: Foul Ball, location: 3FF
1-2: Foul Ball, location: 3DF
1-2: SINGLE (Line Drive, 4M, EV 95.6 MPH)
Jonathan Becktell to third
Keith Bundy to second
Runner from 3rd tries for Home, SAFE, throw by CF to home
Batting: SHB Rob Brady 0-0: Called Strike
0-1: Ball
Wild Pitch!
Keith Bundy to third
Kenny Dahl to second
1-1: Foul Ball, location: 2F
1-2: Strikes out looking
Top of the 6th over - 1 run, 2 hits, 0 errors, 2 left on base; Seattle 1 - Detroit 3
BOTTOM OF THE 6TH
Detroit Tigers batting - Pitching for Seattle Mariners : LHP Armando Baisa
Pitching: RHP Tom Kingman
Batting: LHB Philip Clark 0-0: Foul Ball, location: 2F
0-1: Ball
1-1: Ball
2-1: DOUBLE (Line Drive, 9LS, EV 101.9 MPH)
Batting: LHB Eric Plaunt 0-0: Ball
1-0: Ball
2-0: Called Strike
2-1: Ground out 6-3 (Groundball, 6S, EV 71.9 MPH)
Philip Clark to third
Batting: RHB Jimmy Moore 0-0: Foul Ball, location: 2F
0-1: Swinging Strike
0-2: Strikes out swinging
Batting: SHB Mang He 0-0: Ground out 5-3 (Groundball, 15, EV 91.9 MPH)
Bottom of the 6th over - 0 runs, 1 hit, 0 errors, 1 left on base; Seattle 1 - Detroit 3
TOP OF THE 7TH
Seattle Mariners batting - Pitching for Detroit Tigers : LHP Mark Fleming
Pitching: LHP Malcolm Shelvin
Batting: RHB Jose Ruiz 0-0: Swinging Strike
0-1: Ball
1-1: Foul Ball, location: 3SF
1-2: Strikes out swinging passed ball, reaches first!
Batting: RHB John Ables 0-0: SINGLE (Groundball, 5D, EV 99.4 MPH)
Jose Ruiz to second
Pinch Hitting: RHB Joe Weber 0-0: Foul Ball, location: 23F
Balk!
Jose Ruiz to third
John Ables to second
0-1: Fly out, F8 (Flyball, 89S, EV 90.0 MPH)
Batting: RHB Jonathan Becktell 0-0: Called Strike
0-1: Ground out 6-3 (Groundball, 6, EV 80.6 MPH)
Batting: SHB John Brownfield 0-0: Called Strike
0-1: Ball
1-1: Ball
2-1: SINGLE (Line Drive, 6D, EV 103.8 MPH)
Jose Ruiz scores
John Ables to third
Runner from 3rd tries for Home, SAFE, throw by CF to home
Batting: RHB Jaime Callahan 0-0: Ball
1-0: Fly out, F8 (Flyball, 8RD, EV 84.4 MPH)
Top of the 7th over - 2 runs, 2 hits, 0 errors, 1 left on base; Seattle 3 - Detroit 3
BOTTOM OF THE 7TH
Detroit Tigers batting - Pitching for Seattle Mariners : RHP Tom Kingman
Now in CF: Omar Perez
Batting: RHB Donald Nohl 0-0: Called Strike
0-1: Swinging Strike
0-2: Ball
1-2: Ball
2-2: Ball
3-2: Ground out 6-3 (Groundball, 6, EV 88.1 MPH)
Batting: LHB Dan Barker 0-0: Ball
1-0: Ground out U3 (Groundball, 3L, EV 88.8 MPH)
Batting: RHB Edgar Navarrete 0-0: Fly out, F6 (Line Drive, 56D, EV 67.5 MPH)
Bottom of the 7th over - 0 runs, 0 hits, 0 errors, 0 left on base; Seattle 3 - Detroit 3
TOP OF THE 8TH
Seattle Mariners batting - Pitching for Detroit Tigers : LHP Malcolm Shelvin
Batting: LHB Keith Bundy 0-0: Fly out, F5 (Popup, 56, EV 74.4 MPH)
Batting: RHB Kenny Dahl 0-0: Ball
1-0: Ball
2-0: Fly out, F3 (Popup, 3L, EV 68.1 MPH)
Batting: SHB Rob Brady 0-0: Foul Ball, location: 3F
0-1: Called Strike
0-2: Strikes out swinging
Top of the 8th over - 0 runs, 0 hits, 0 errors, 0 left on base; Seattle 3 - Detroit 3
BOTTOM OF THE 8TH
Detroit Tigers batting - Pitching for Seattle Mariners : RHP Tom Kingman
Batting: RHB David Schafer 0-0: Ball
1-0: Called Strike
1-1: Swinging Strike
1-2: Strikes out looking
Batting: RHB Fethi Yazîcîzâde 0-0: DOUBLE (Flyball, 8LXD, EV 105.6 MPH)
Batting: LHB Philip Clark 0-0: Fly out, F9 (Line Drive, 9, EV 99.4 MPH)
Runner from 2nd tags up, SAFE at 3rd with throw by RF
Pitching: RHP Ernie Lydon
Batting: LHB Eric Plaunt 0-0: Ball
1-0: Fly out, F9 (Flyball, 9, EV 81.9 MPH)
Bottom of the 8th over - 0 runs, 1 hit, 0 errors, 1 left on base; Seattle 3 - Detroit 3
TOP OF THE 9TH
Seattle Mariners batting - Pitching for Detroit Tigers : LHP Malcolm Shelvin
Batting: RHB Jose Ruiz 0-0: Ball
1-0: Called Strike
1-1: Foul Ball, location: 2F
1-2: SINGLE (Groundball, 6MD, EV 96.3 MPH)
Batting: RHB John Ables 0-0: Ball
1-0: Ball
2-0: Swinging Strike
2-1: Called Strike
2-2: Foul Ball, location: 2F
2-2: Foul Ball, location: 2F
2-2: Grounds into double play, 5-4-3 (Groundball, 56, EV 85.0 MPH)
Pitching: RHP Jim Vickery
Batting: LHB Omar Perez 0-0: Ball
1-0: SOLO HOME RUN (Flyball, 9D, EV 97.5 MPH), Distance : 374 ft
Batting: RHB Jonathan Becktell 0-0: Fly out, F7 (Flyball, 7S, EV 85.6 MPH)
Top of the 9th over - 1 run, 2 hits, 0 errors, 0 left on base; Seattle 4 - Detroit 3
BOTTOM OF THE 9TH
Detroit Tigers batting - Pitching for Seattle Mariners : RHP Ernie Lydon
Pinch Hitting: LHB Denny Marshall 0-0: Ball
1-0: Fly out, F8 (Flyball, 8LD, EV 85.0 MPH)
Batting: SHB Mang He 0-0: Ball
1-0: SINGLE (Line Drive, 4MD, EV 97.5 MPH)
Pinch Hitting: LHB Tim Wilson 0-0: Ball
1-0: Ball
2-0: Foul Ball, location: 2F
2-1: Foul Ball, location: 3F
2-2: Fly out, F9 (Flyball, 9, EV 76.9 MPH)
Batting: LHB Dan Barker 0-0: Ball
1-0: Fly out, F7 (Flyball, 78M, EV 87.5 MPH)
Bottom of the 9th over - 0 runs, 1 hit, 0 errors, 1 left on base; Seattle 4 - Detroit 3
Tuesday, April 9th , 2024 - OOTP Baseball 24.11 Build 85